Map: Orbital Shipyard

Players

LilDicky - Winner!

  • Race: Terran Terran
  • League: Diamond

ThunderKatz

  • Race: Protoss Protoss
  • League: Platinum

VOD

http://www.twitch.tv/tumescentpie

Description

Time

  • Played on: Nov. 30, 2015, 12:59 p.m.
  • Length: 5:57
Show
View Real Time Build Order
Export as new Build Order

LilDicky Terran - Winner!

Build Orders: MMM Bio 

Get SALT Encoding   

  12  0:02  SCV  
  13  0:14  SCV  
  13  0:19  Supply Depot  
  14  0:32  SCV  
  14  0:33  Refinery  
  15  0:44  SCV  
  15  0:46  Barracks  
  16  1:05  SCV  
  17  1:27  SCV  
  18  1:36  Marine  
  18  1:39  Supply Depot, Orbital Command  
  19  1:48  Factory  
  19  1:54  Marine  
  20  2:07  Barracks  
  20  2:08  SCV  
  21  2:09  Barracks  
  21  2:13  Barracks Reactor  
  21  2:19  Refinery  
  21  2:26  Supply Depot  
  21  2:27  SCV  
  22  2:39  SCV  
  23  2:50  Widow Mine  
  26  2:51  SCV  
  26  3:01  Barracks Tech Lab x2  
  26  3:02  Marine x2  
  26  3:03  SCV  
  28  3:15  SCV  
  29  3:20  Supply Depot  
  29  3:21  Combat Shields, Stimpack  
  29  3:25  Marine  
  29  3:26  Marine  
  31  3:28  Marine  
  31  3:30  Marine  
  31  3:33  Widow Mine  
  35  3:36  SCV  
  36  3:50  Marauder x2, Marine  
  41  4:16  Marauder x2, Marine x2  
  45  4:19  Starport  
  45  4:20  SCV, Supply Depot  
  44  4:32  SCV  
  44  4:33  Marine x2  
  47  4:42  Marauder x2  
  47  4:45  Supply Depot  
  51  4:46  SCV  
  54  5:01  Medivac  
  54  5:09  Marine  
  54  5:10  Marauder x2  
  54  5:13  Marine  
  60  5:14  SCV  
  60  5:16  Supply Depot  
  61  5:26  SCV  
  61  5:27  Marine  
  63  5:38  SCV  
Show
View Real Time Build Order
Export as new Build Order

ThunderKatz Protoss 

Build Orders: 1 Gate Expand 

Get SALT Encoding   

  12  0:01  Probe (Chrono Boost)  
  13  0:19  Probe (Chrono Boost)  
  14  0:23  Pylon  
  14  0:33  Probe (Chrono Boost)  
  15  0:42  Gateway  
  15  0:44  Probe (Chrono Boost)  
  16  0:55  Probe (Chrono Boost)  
  17  1:12  Nexus  
  17  1:14  Probe (Chrono Boost)  
  18  1:22  Assimilator  
  18  1:30  Cybernetics Core  
  18  1:35  Assimilator  
  18  1:49  Probe (Chrono Boost)  
  19  2:00  Probe (Chrono Boost)  
  20  2:08  Warp Gate  
  20  2:12  Probe (Chrono Boost)  
  20  2:14  Stalker  
  23  2:22  Pylon  
  23  2:24  Probe (Chrono Boost)  
  23  2:25  Probe (Chrono Boost)  
  25  2:35  Mothership Core (Chrono Boost)  
  25  2:36  Probe (Chrono Boost)  
  28  2:50  Probe (Chrono Boost)  
  29  2:57  Robotics Facility  
  29  2:58  Probe (Chrono Boost)  
  29  3:01  Probe (Chrono Boost)  
  31  3:09  Probe (Chrono Boost)  
  31  3:10  Forge  
  31  3:11  Probe (Chrono Boost)  
  34  3:20  Probe (Chrono Boost)  
  34  3:22  Probe (Chrono Boost)  
  34  3:24  Gateway  
  35  3:32  Probe x2 (Chrono Boost)  
  37  3:48  Observer (Chrono Boost)  
  37  4:15  Probe  
  37  4:16  Probe  
  38  4:26  Probe  
  38  4:27  Assimilator  
  38  4:29  Probe  
  40  4:31  Assimilator  
  40  4:35  Pylon  
  40  4:42  Photon Cannon  
  40  4:44  Gateway  
  40  4:47  Probe  
  40  4:48  Probe  
  40  4:51  Stalker, Sentry  
  46  4:55  Nexus  
  46  5:04  Probe  
  46  5:05  Probe  
  48  5:14  Probe  
  48  5:17  Probe  
  48  5:18  Immortal (Chrono Boost)  
  54  5:35  Pylon  
  54  5:36  Twilight Council  
  54  5:41  Pylon  
  54  5:42  Pylon  
  54  5:44  Pylon  
Tags
 
Add a new tag
Caveats
  • Supply blocks, unpowered buildings, or Contaminate may cause inaccurate times.
  • Supply counts are checked every 10 seconds.